 Dungeon Crawl Stone Soup version 0.18.1-8-gdd0e5ea (webtiles) character file.

102 buf2 the Skirmisher (level 5, -1/41 HPs)
             Began as a Human Wanderer on June 9, 2016.
             Slain by a giant gecko (3 damage)
             ... on level 2 of the Dungeon.
             The game lasted 00:13:18 (2599 turns).

buf2 the Skirmisher (Human Wanderer)                Turns: 2599, Time: 00:13:19

Health: -1/41      AC:  3    Str: 14    XL:     5   Next: 6%
Magic:  8/8        EV: 12    Int: 12    God:
Gold:   200        SH:  0    Dex: 12    Spells: 1 memorised, 7 levels left

rFire  . . .     SeeInvis .     b - +0 dagger
rCold  . . .     Gourm    .     e - +1 robe
rNeg   . . .     Faith    .     (no shield)
rPois  .         Spirit   .     (no helmet)
rElec  .         Dismiss  .     (no cloak)
rCorr  .         Reflect  .     (no gloves)
SustAt .         Harm     .     (no boots)
MR     .....                    (no amulet)
Stlth  ++........               (no ring)
                                (no ring)

@: not resistant to hostile enchantments, unstealthy
A: no striking features
a: no special abilities


You were on level 2 of the Dungeon.
You were not hungry.

You visited 1 branch of the dungeon, and saw 2 of its levels.

You collected 200 gold pieces.

Inventory:

Hand Weapons
 a - a +1 shortbow
 b - a +0 dagger (weapon)
Missiles
 d - 22 arrows
 i - 26 sling bullets
 t - 8 stones (quivered)
Armour
 e - a +1 robe (worn)
Jewellery
 g - a +2 ring of evasion {unknown}
 l - an uncursed ring of ice
Scrolls
 k - a scroll of enchant armour
 p - a scroll of remove curse {unknown}
 q - a scroll of immolation {unknown}
Potions
 j - a potion of cancellation
 m - a potion of magic
 o - 3 potions of flight
Books
 c - a book of Minor Magic

   Spells                             Type                      Level
   a - Magic Dart                     Conjuration                  1
   b - Blink                          Translocation                2
   c - Call Imp                       Summoning                    2
   d - Repel Missiles                 Charms/Air                   2
   e - Slow                           Hexes                        2
   f - Conjure Flame                  Conjuration/Fire             3
   g - Mephitic Cloud                 Conjuration/Poison/Air       3
 h - the Handbook of Companions

   Spells                             Type                      Level
   a - Summon Butterflies             Summoning                    1
   b - Summon Guardian Golem          Hexes/Summoning              3
Comestibles
 f - 3 bread rations
 n - a meat ration
 s - a slice of pizza


   Skills:
 + Level 3.0 Fighting
 + Level 0.2 Short Blades
 + Level 2.8 Bows
 + Level 1.0 Armour
 + Level 2.2 Dodging
 + Level 1.1 Stealth
   Level 1.0 Shields
 + Level 2.2 Spellcasting
 + Level 0.4 Conjurations
   Level 1.0 Charms


You had 7 spell levels left.
You knew the following spells:

 Your Spells              Type           Power        Failure   Level  Hunger
a - Magic Dart            Conj           #...         28%         1    ##.....


Dungeon Overview and Level Annotations

Branches:
Dungeon (2/15)

Altars:
Xom


Message History

The giant gecko is almost dead.
The giant gecko closely misses you.
You miss the giant gecko.
The giant gecko is severely wounded.
The giant gecko bites you.
* * * LOW HITPOINT WARNING * * *
You miss the giant gecko.
The giant gecko is severely wounded.
The giant gecko bites you.
* * * LOW HITPOINT WARNING * * *
The giant gecko bites you.
* * * LOW HITPOINT WARNING * * *
The giant gecko bites you.
* * * LOW HITPOINT WARNING * * *
Drink which item? (? for menu, Esc to quit)
Okay, then.
Read which item? (? for menu, Esc to quit)
Okay, then.
The giant gecko bites you.
You die...

##...## ##.....## #####.......##
########## #............#
#.........
...........).###########.########
#.##...................#.#
#.##..........####.###.#.# #####
#.##..........####.###.#.####....
#.##......).....@l.......).....##
#.#####.#........#.###.#.........
#.# #.......##)#.# #.#.........
#.# #.......##.#g# #.#.........
#.####.#......##.#.###g#.........
......###....>##.#.#.............
######.#......##.#.#.####.....>..
#####.........##.#...# #........
......#.......##.##..####........


You could see a giant gecko.

Vanquished Creatures
  4 adders (D:2)
  2 oozes (D:1)
  3 dart slugs
  A ball python (D:1)
  2 bats
  3 giant cockroaches (D:1)
  3 goblins
  11 hobgoblins
  7 jackals
  3 kobolds
  2 giant newts (D:1)
  8 rats
49 creatures vanquished.

Notes
Turn   | Place    | Note
--------------------------------------------------------------
     0 | D:1      | buf2 the Human Wanderer began the quest for the Orb.
     0 | D:1      | buf2 set off with: a book of Minor Magic, the Handbook of Companions, a +0 shortbow, 30 arrows, a +0 robe, a bread ration
     0 | D:1      | Reached XP level 1. HP: 16/16 MP: 3/3
     2 | D:1      | Learned a level 1 spell: Magic Dart
   329 | D:1      | Reached XP level 2. HP: 9/23 MP: 5/5
   975 | D:1      | Reached XP level 3. HP: 28/28 MP: 6/6
  1410 | D:1      | Reached skill level 1 in Dodging
  1594 | D:2      | Reached XP level 4. HP: 29/34 MP: 7/7
  2493 | D:2      | Found a shimmering altar of Xom.
  2493 | D:2      | Found a shimmering altar of Xom.
  2493 | D:2      | Found a shimmering altar of Xom.
  2533 | D:2      | Reached skill level 3 in Fighting
  2533 | D:2      | Reached XP level 5. HP: 28/41 MP: 8/8
  2595 | D:2      | HP: 1/41 [giant gecko (2)]
  2599 | D:2      | Slain by a giant gecko

Skill      XL: |  1  2  3  4 |
---------------+-------------+-----
Dodging        | 1 2 |  2.2
Fighting       | 3 |  3.0
Short Blades   | |  0.2
Bows           | |  2.8
Armour         | |  1.0
Stealth        | |  1.1
Shields        | |  1.0
Spellcasting   | |  2.2
Conjurations   | |  0.4
Charms         | |  1.0

Action                   |  1- 3 |  4- 6 || total
-------------------------+-------+-------++-------
Melee: Unarmed           |    11 |       ||    11
       Club              |    27 |       ||    27
       Dagger            |   104 |   103 ||   207
 Fire: Shortbow          |    30 |    17 ||    47
 Cast: Magic Dart        |     2 |     9 ||    11
  Use: Potion            |     3 |     1 ||     4
       Scroll            |       |     4 ||     4
  Eat: Chunk             |     2 |     4 ||     6
Armor: Robe              |    35 |    20 ||    55
Dodge: Dodged            |   100 |    68 ||   168
